[Event "Titled Tuesday Blitz September 27 Early 2022"]
[White "Tomaszewski, Kacper"]
[Black "Bharath Subramaniyam H"]
[WhiteFideId "1127373"]
[BlackFideId "46634827"]
[WhiteElo "2482"]
[BlackElo "2809"]
[Result "1-0"]
[Round "01"]
[TimeControl "180+1"]
[Date "2022.09.27"]
[WhiteClock "0:00:10"]
[BlackClock "0:00:42"]

1. e4 c5 2. Nf3 Nf6 3. e5 Nd5 4. Nc3 Nxc3 5. dxc3 Nc6 6. Bf4 Qb6 7. Rb1 Qc7 8. Be2 e6 9. O-O h6 10. Re1 b6 11. Bg3 Bb7 12. a3 O-O-O 13. b4 g5 14. b5 Ne7 15. Nd2 Nf5 16. Nc4 Nxg3 17. fxg3 d5 18. exd6 Bxd6 19. Qc1 Rhe8 20. a4 f5 21. a5 e5 22. Bh5 Re7 23. Bg6 Rf8 24. Rf1 f4 25. Qd2 Re6 26. Bh5 Kb8 27. Rbd1 Be7 28. Bg4 Ref6 29. Qe2 fxg3 30. Rxf6 Bxf6 31. Rd7 Qxd7 32. Bxd7 gxh2+ 33. Kxh2 e4 34. Bc6 Bc8 35. axb6 axb6 36. Nxb6 Be5+ 37. Kg1 Bxc3 38. Qxe4 Bd4+ 39. Kh2 Bf5 40. Nd7+ Kc7 41. Qe7 Rh8 42. Ne5+ Kb6 43. Nc4# 1-0


[Site "https://www.chess.com"]

[Event "Titled Tuesday Blitz September 27 Early 2022"]
[White "Toncheva, Nadya"]
[Black "Makhnev, Denis"]
[WhiteFideId "2924056"]
[BlackFideId "13707647"]
[WhiteElo "1888"]
[BlackElo "2486"]
[Result "0-1"]
[Round "01"]
[TimeControl "180+1"]
[Date "2022.09.27"]
[WhiteClock "0:00:09"]
[BlackClock "0:00:20"]

1. e4 e5 2. Nf3 Nc6 3. Bc4 Bc5 4. c3 Nf6 5. d3 a5 6. Bb3 d5 7. exd5 Nxd5 8. h3 O-O 9. O-O Nb6 10. Re1 a4 11. Bc2 Re8 12. Nbd2 Bf5 13. Ne4 Bf8 14. Be3 a3 15. b3 Nd5 16. Qd2 Qd7 17. d4 exd4 18. Bxd4 Rad8 19. Rad1 Nxd4 20. Nxd4 Bg6 21. Nf3 c6 22. Qd4 Qc7 23. Qc4 b5 24. Qf1 Bxe4 25. Bxe4 Nxc3 26. Rxd8 Rxd8 27. Ng5 g6 28. Rc1 Bg7 29. Bf3 Qf4 30. h4 Qxh4 31. Nh3 c5 32. Qe1 Bd4 33. Rxc3 Bxc3 34. Qxc3 Qd4 35. Qa5 b4 36. g3 Re8 37. Ng5 Qe5 38. Qb5 Re7 39. Ne4 Qf5 40. Kg2 Rxe4 41. Bxe4 Qxe4+ 42. Kh2 Qd4 43. Kg2 h5 44. Qe8+ Kg7 45. Qb5 Qc3 46. Qb8 c4 47. bxc4 b3 48. c5 bxa2 0-1


[Site "https://www.chess.com"]

[Event "Titled Tuesday Blitz September 27 Early 2022"]
[White "Vagman, Roy"]
[Black "Hambleton, Aman"]
[WhiteFideId "2828995"]
[BlackFideId "2606577"]
[WhiteElo "1945"]
[BlackElo "2538"]
[Result "1-0"]
[Round "01"]
[TimeControl "180+1"]
[Date "2022.09.27"]
[WhiteClock "0:00:10"]
[BlackClock "0:00:01"]

1. e4 c5 2. Nf3 e6 3. d4 cxd4 4. Nxd4 Nc6 5. Nc3 Qc7 6. g3 a6 7. Nxc6 dxc6 8. Bg2 e5 9. O-O Nf6 10. h3 Be6 11. Be3 Be7 12. f4 Bc4 13. Rf2 Rd8 14. Qe1 a5 15. fxe5 Nd7 16. Rd1 O-O 17. Kh2 Nxe5 18. Qg1 Rxd1 19. Nxd1 Be6 20. Rd2 Nc4 21. Bf4 Qb6 22. Qxb6 Nxb6 23. b3 a4 24. Be3 Nd7 25. Nf2 axb3 26. axb3 h6 27. Nd3 Rd8 28. Nf4 Ne5 29. Rf2 Re8 30. c4 Nd7 31. Nxe6 fxe6 32. h4 Bc5 33. Rd2 Bxe3 34. Rxd7 b6 35. Rd6 c5 36. Rxb6 Kf7 37. e5 Rd8 38. Be4 Rd4 39. Rb7+ Kf8 40. Bg6 Rd2+ 41. Kh3 Rf2 42. Rb8+ Ke7 43. Rb7+ Kf8 44. h5 Bd4 45. Rb8+ Ke7 46. Rb7+ Kf8 47. Rc7 Re2 48. Rf7+ Kg8 49. Re7 Rf2 50. Re8+ Rf8 51. Rxe6 Rb8 52. Re7 Kf8 53. Rf7+ Kg8 54. e6 Bf6 55. Rxf6 gxf6 56. e7 1-0


[Site "https://www.chess.com"]

[Event "Titled Tuesday Blitz September 27 Early 2022"]
[White "Vignesh, N R"]
[Black "Zheenbekov, Nurgazy"]
[WhiteFideId "25012215"]
[BlackFideId "13800485"]
[WhiteElo "2363"]
[BlackElo "1932"]
[Result "1-0"]
[Round "01"]
[TimeControl "180+1"]
[Date "2022.09.27"]
[WhiteClock "0:00:27"]
[BlackClock "0:00:20"]

1. e4 e5 2. Nf3 Nc6 3. Bb5 a6 4. Ba4 Nf6 5. d3 b5 6. Bb3 Be7 7. O-O O-O 8. a4 Rb8 9. c3 d6 10. a5 h6 11. Re1 Nh7 12. d4 Ng5 13. d5 Na7 14. Be3 Ra8 15. Nbd2 Bd7 16. c4 c6 17. Nxg5 Bxg5 18. Bxa7 Rxa7 19. dxc6 Bxc6 20. Nf3 Be7 21. c5 Qb8 22. cxd6 Bxd6 23. Nh4 Bd7 24. Re3 Be7 25. Ng6 Re8 26. Rg3 Bc5 27. Qh5 Be6 28. Nh4 Bxb3 29. Nf5 g6 30. Qxh6 Bf8 31. Qh4 Be6 32. Rh3 Bg7 33. Qh7+ 1-0


[Site "https://www.chess.com"]

[Event "Titled Tuesday Blitz September 27 Early 2022"]
[White "Visakh N R"]
[Black "Devaev, Alexander"]
[WhiteFideId "25012223"]
[BlackFideId "4169395"]
[WhiteElo "2448"]
[BlackElo "2185"]
[Result "1-0"]
[Round "01"]
[TimeControl "180+1"]
[Date "2022.09.27"]
[WhiteClock "0:01:14"]
[BlackClock "0:00:55"]

1. c4 c5 2. Nf3 Nf6 3. g3 e6 4. Bg2 Be7 5. O-O O-O 6. d4 cxd4 7. Nxd4 Nc6 8. Nc3 Ne5 9. b3 d6 10. Bb2 a6 11. Qd2 Qc7 12. Rfd1 Rb8 13. f4 Ng6 14. e3 Re8 15. h3 h6 16. Qf2 Bf8 17. Rac1 Nd7 18. f5 Nge5 19. Nf3 Nxf3+ 20. Qxf3 Ne5 21. Qf2 Bd7 22. fxe6 fxe6 23. Ne4 Bc6 24. c5 d5 25. Qf4 dxe4 26. Bxe5 Qc8 27. Bxb8 Qxb8 28. Qxb8 Rxb8 29. Rd4 Be7 30. Bxe4 Bg5 31. Kf2 Rf8+ 32. Ke2 e5 33. Rb4 Bb5+ 34. Rxb5 axb5 35. Bxb7 Bd8 36. Rd1 Bc7 37. Rd7 Ba5 38. c6 Rf7 39. b4 Rxd7 40. cxd7 Bc7 41. Bc6 Kf8 42. Kd3 e4+ 43. Kxe4 Ke7 44. g4 Bd6 45. a3 Bh2 46. Bxb5 Bd6 47. Kd5 Bg3 48. e4 Bf2 49. e5 Be1 50. e6 Bd2 51. Kc6 Kd8 52. Bc4 1-0


[Site "https://www.chess.com"]

[Event "Titled Tuesday Blitz September 27 Early 2022"]
[White "Vlassov, Nikolai"]
[Black "Bashirli, Saadat"]
[WhiteFideId "4103360"]
[BlackFideId "13429990"]
[WhiteElo "2324"]
[BlackElo "1173"]
[Result "1-0"]
[Round "01"]
[TimeControl "180+1"]
[Date "2022.09.27"]
[WhiteClock "0:00:49"]
[BlackClock "0:01:03"]

1. e4 c5 2. c3 Nf6 3. e5 Nd5 4. d4 cxd4 5. cxd4 d6 6. Bc4 Nb6 7. Bb3 dxe5 8. Qh5 e6 9. dxe5 Bb4+ 10. Nc3 O-O 11. Bd2 Nc6 12. O-O-O Nd4 13. Bg5 Nxb3+ 14. axb3 Qc7 15. Bd2 Nd5 16. Ne2 Bd7 17. Kb1 Nxc3+ 18. Bxc3 Bxc3 19. Nxc3 b5 20. Rd3 Bc6 21. Rh3 h6 22. Re1 b4 23. Ne4 Bxe4+ 24. Rxe4 Rac8 25. Rxb4 Qc2+ 26. Ka2 Rc5 27. Ra4 a5 28. Rg3 Kh7 29. Rag4 Rg8 30. Qxf7 Rc7 31. Rxg7+ Rxg7 32. Rxg7+ Kh8 33. Rg8# 1-0


[Site "https://www.chess.com"]

[Event "Titled Tuesday Blitz September 27 Early 2022"]
[White "Vogel, Roven"]
[Black "Przybylski, Wojciech"]
[WhiteFideId "12908088"]
[BlackFideId "1117599"]
[WhiteElo "2501"]
[BlackElo "2133"]
[Result "1-0"]
[Round "01"]
[TimeControl "180+1"]
[Date "2022.09.27"]
[WhiteClock "0:00:08"]
[BlackClock "0:00:03"]

1. d4 Nf6 2. Nc3 d5 3. Bf4 c6 4. e3 Bf5 5. Bd3 Qd7 6. Nf3 Bg4 7. h3 Bxf3 8. Qxf3 e6 9. O-O Bd6 10. Bg5 Be7 11. Ne2 Na6 12. Bxa6 bxa6 13. Nf4 Ne4 14. Bxe7 Qxe7 15. Qe2 Qb7 16. c4 Rb8 17. b3 O-O 18. Rfc1 a5 19. Nd3 a4 20. b4 Nd6 21. cxd5 cxd5 22. a3 Nc4 23. Nc5 Qb5 24. Qc2 Nb6 25. Qd3 Nc4 26. e4 Rfd8 27. e5 a5 28. Rab1 axb4 29. Rxb4 Qc6 30. Qc3 Rxb4 31. Qxb4 h6 32. Rc3 Ra8 33. Rg3 g6 34. h4 h5 35. Rc3 Kg7 36. Qb1 Rc8 37. Qc1 Qb5 38. Qg5 Qc6 39. Rf3 Rc7 40. Rf6 Qe8 41. Rf3 Rc6 42. g3 Rb6 43. g4 Rb1+ 44. Kg2 hxg4 45. Qxg4 Ra1 46. h5 Rxa3 47. Rxa3 Nxa3 48. hxg6 fxg6 49. Nxe6+ Kg8 50. Ng5 Nc4 51. Qh3 Qe7 52. Qc8+ Kg7 53. f4 a3 54. Qa8 Ne3+ 55. Kf3 Nf5 56. Qxd5 a2 57. Qxa2 Nxd4+ 58. Ke4 Nf5 59. Qd5 Qa7 60. Ne6+ Kh7 61. Nf8+ Kg7 62. Ne6+ Kh7 63. Nd4 Kg7 64. Nxf5+ gxf5+ 65. Kxf5 Qa3 66. Qd7+ Kg8 67. Qe8+ Kg7 68. Qg6+ Kh8 69. Qh6+ Kg8 70. Qe6+ Kg7 71. Qf6+ Kg8 72. Qd6 Qa4 73. e6 Qb5+ 74. Kf6 Qb2+ 75. Qe5 Qb6 76. Qg5+ Kh8 77. Qg7# 1-0


[Site "https://www.chess.com"]

[Event "Titled Tuesday Blitz September 27 Early 2022"]
[White "Vokhidov, Shamsiddin"]
[Black "Aliakbarov, Anar"]
[WhiteFideId "14204223"]
[BlackFideId "13401858"]
[WhiteElo "2619"]
[BlackElo "2210"]
[Result "1-0"]
[Round "01"]
[TimeControl "180+1"]
[Date "2022.09.27"]
[WhiteClock "0:00:26"]
[BlackClock "0:00:25"]

1. e4 e5 2. Nf3 Nc6 3. Nc3 Nf6 4. a3 a6 5. d4 exd4 6. Nxd4 Bc5 7. Be3 Nxd4 8. Bxd4 Bxd4 9. Qxd4 d6 10. O-O-O O-O 11. e5 Ne8 12. f4 Bg4 13. Rd2 Qb8 14. Bc4 Qa7 15. Qe4 Qc5 16. Qxb7 Qxc4 17. Qxa8 Qxf4 18. Qe4 Qxe4 19. Nxe4 dxe5 20. Rd8 f5 21. Nc5 Kf7 22. Nd7 Ke7 23. Nxf8 Kxd8 24. h3 Bh5 25. Nxh7 Ke7 26. Re1 e4 27. g4 Bg6 28. Ng5 Nd6 29. gxf5 Bxf5 30. b3 Kf6 31. h4 Kg6 32. Kd2 Kh5 33. Ke3 Kxh4 34. Kf4 Kh5 35. c4 Kg6 36. a4 Kf6 37. c5 Nb7 38. b4 a5 39. c6 Nd6 40. bxa5 Nc4 41. a6 Nb6 42. a5 Nd5+ 43. Kg3 Kxg5 44. a7 1-0


[Site "https://www.chess.com"]

[Event "Titled Tuesday Blitz September 27 Early 2022"]
[White "Wachinger, Guenther"]
[Black "Harish, Neeraj"]
[WhiteFideId "4604261"]
[BlackFideId "30958130"]
[WhiteElo "2212"]
[BlackElo "1574"]
[Result "1-0"]
[Round "01"]
[TimeControl "180+1"]
[Date "2022.09.27"]
[WhiteClock "0:00:14"]
[BlackClock "0:00:14"]

1. e4 c5 2. Nf3 Nc6 3. Bb5 g6 4. O-O Bg7 5. c3 e5 6. d4 cxd4 7. cxd4 exd4 8. Bf4 a6 9. Ba4 Nge7 10. Bd6 b5 11. Bc2 Bb7 12. Nbd2 Nc8 13. Bg3 O-O 14. Nb3 d5 15. e5 Nb6 16. Nc5 Ra7 17. Re1 Re8 18. a4 Nd7 19. Nxd7 Qxd7 20. axb5 axb5 21. Rxa7 Nxa7 22. Nxd4 b4 23. Ba4 Bc6 24. Nxc6 Nxc6 25. Qc2 Re6 26. Rc1 Bxe5 27. Bxe5 Rxe5 28. Qxc6 Qe7 29. Bb5 Re1+ 30. Bf1 d4 31. Rxe1 Qxe1 32. Qc4 Qd1 33. b3 Kg7 34. g3 h5 35. Qd3 Qa1 36. h4 Qb2 37. Kg2 Kh7 38. Be2 Kg7 39. Bf3 Qa1 40. Bd5 Qb2 41. Bc4 Qa1 42. Qf3 f6 43. Qb7+ Kh6 44. Qxb4 Qd1 45. Qf8+ Kh7 46. Qg8+ Kh6 47. Qh8# 1-0


[Site "https://www.chess.com"]

[Event "Titled Tuesday Blitz September 27 Early 2022"]
[White "Winkels, Marcel"]
[Black "Gevorgyan, David Sh."]
[WhiteFideId "1003887"]
[BlackFideId "13303244"]
[WhiteElo "1900"]
[BlackElo "2235"]
[Result "0-1"]
[Round "01"]
[TimeControl "180+1"]
[Date "2022.09.27"]
[WhiteClock "0:00:01"]
[BlackClock "0:00:45"]

1. d4 Nf6 2. Nc3 d5 3. Bf4 c6 4. e3 g6 5. h4 h6 6. Qf3 Bg7 7. O-O-O Bg4 8. Qg3 Bxd1 9. Kxd1 Nh5 10. Qh2 Nxf4 11. Qxf4 Qd6 12. Qf3 Nd7 13. Bd3 e5 14. Qg3 O-O-O 15. Nf3 Rhe8 16. h5 g5 17. Bf5 Kc7 18. a3 exd4 19. Qxd6+ Kxd6 20. exd4 Nb6 21. b3 Nc8 22. Kd2 Ne7 23. Bd3 Ng8 24. Na4 b6 25. c3 Nf6 26. Ne5 Ne4+ 27. Bxe4 Bxe5 28. Bd3 Bf4+ 29. Kc2 Ke6 30. Nb2 Bd6 31. a4 f5 32. Nd1 f4 33. Re1+ Kd7 34. Rxe8 Rxe8 35. Kd2 g4 36. Bf5+ Kc7 37. Bxg4 c5 38. Bf3 cxd4 39. cxd4 Bb4+ 40. Kd3 Kd6 41. Nc3 Bxc3 42. Kxc3 a5 43. Kd2 Rg8 44. Kd3 Rb8 45. Kc2 b5 46. axb5 Rxb5 47. Be2 Rb8 48. Bd3 Rg8 49. Bf1 Rc8+ 0-1


[Site "https://www.chess.com"]

[Event "Titled Tuesday Blitz September 27 Early 2022"]
[White "Wirig, Anthony"]
[Black "Sprenar, Petr"]
[WhiteFideId "615013"]
[BlackFideId "397164"]
[WhiteElo "2474"]
[BlackElo "2153"]
[Result "1-0"]
[Round "01"]
[TimeControl "180+1"]
[Date "2022.09.27"]
[WhiteClock "0:00:22"]
[BlackClock "0:00:19"]

1. d4 d5 2. Bg5 Nf6 3. Bxf6 exf6 4. e3 Bd6 5. g3 O-O 6. Bg2 c6 7. Nd2 Nd7 8. Ne2 Re8 9. c4 dxc4 10. Nxc4 Bb4+ 11. Nc3 Nb6 12. Nxb6 axb6 13. O-O Be6 14. Qc2 Rc8 15. Rfd1 Qe7 16. a3 Bd6 17. Rac1 f5 18. d5 cxd5 19. Bxd5 Be5 20. Qb3 Bxc3 21. Rxc3 Bxd5 22. Rxd5 Rxc3 23. Qxc3 Rd8 24. Qe5 Qxe5 25. Rxd8+ 1-0


[Site "https://www.chess.com"]

[Event "Titled Tuesday Blitz September 27 Early 2022"]
[White "Wojtaszek, Radoslaw"]
[Black "Begunov, Konstantin"]
[WhiteFideId "1118358"]
[BlackFideId "4118510"]
[WhiteElo "2606"]
[BlackElo "2165"]
[Result "1/2-1/2"]
[Round "01"]
[TimeControl "180+1"]
[Date "2022.09.27"]
[WhiteClock "0:00:59"]
[BlackClock "0:01:17"]

1. e4 c5 2. Nf3 d6 3. Bb5+ Bd7 4. Bxd7+ Qxd7 5. c4 Nf6 6. Nc3 Nc6 7. d4 cxd4 8. Nxd4 Qg4 9. Qxg4 Nxg4 10. Nxc6 bxc6 11. Ke2 g6 12. c5 Bg7 13. cxd6 exd6 14. Rd1 Ke7 15. Bg5+ Bf6 16. Bxf6+ Nxf6 17. Rd4 Rhd8 18. Rad1 Rd7 19. b3 Rad8 20. f3 d5 21. exd5 Nxd5 22. Nxd5+ Rxd5 23. Rxd5 cxd5 24. Rc1 Kd6 25. Kd3 Rb8 26. g3 a5 27. Rc2 a4 28. Rc3 axb3 29. Rxb3 Ra8 30. a3 Kc5 31. Rc3+ Kd6 32. Rb3 Kc5 33. Rc3+ Kd6 34. Rb3 1/2-1/2


[Site "https://www.chess.com"]

[Event "Titled Tuesday Blitz September 27 Early 2022"]
[White "Yanchenko, Roman"]
[Black "Chernikov, Vladimir"]
[WhiteFideId "4137329"]
[BlackFideId "14112914"]
[WhiteElo "2806"]
[BlackElo "2481"]
[Result "1-0"]
[Round "01"]
[TimeControl "180+1"]
[Date "2022.09.27"]
[WhiteClock "0:02:15"]
[BlackClock "0:01:51"]

1. d4 d5 2. c4 e6 3. Nc3 a6 4. cxd5 exd5 5. Nf3 c6 6. Bf4 Bd6 7. Bg3 Ne7 8. e3 O-O 9. Bd3 Bf5 10. Rb1 g6 11. b4 Bxd3 12. Qxd3 Nf5 13. a4 Nd7 14. O-O Nf6 15. Be5 Ng4 16. h3 Nxe5 17. dxe5 Be7 18. e4 dxe4 19. Qxe4 Ng7 20. b5 axb5 21. axb5 Ra3 22. Rfc1 Qa5 23. Ne2 cxb5 24. Qxb7 Bb4 25. Ned4 Bd2 26. Nc6 1-0


[Site "https://www.chess.com"]

[Event "Titled Tuesday Blitz September 27 Early 2022"]
[White "Yaniuk, Volodymyr"]
[Black "Vargas, Mauricio"]
[WhiteFideId "14133083"]
[BlackFideId "4404572"]
[WhiteElo "2141"]
[BlackElo "2004"]
[Result "1-0"]
[Round "01"]
[TimeControl "180+1"]
[Date "2022.09.27"]
[WhiteClock "0:01:23"]
[BlackClock "0:00:17"]

1. d4 d5 2. c4 c6 3. Nf3 e6 4. e3 dxc4 5. Bxc4 Nf6 6. O-O Nbd7 7. Nc3 Bd6 8. e4 Bc7 9. Bg5 h6 10. Bh4 g5 11. Bg3 b5 12. Bd3 Bb7 13. Rc1 O-O 14. Bxc7 Qxc7 15. Nxb5 Qb8 16. Nc3 g4 17. Nd2 Qf4 18. e5 Nd5 19. Nde4 h5 20. Nd6 Rab8 21. Nxd5 cxd5 22. b4 Nb6 23. a4 h4 24. g3 hxg3 25. hxg3 Qg5 26. Kg2 Kg7 27. Rh1 Nc4 28. Rh7+ Kg8 29. Rh8+ Kxh8 30. Qh1+ Kg7 31. Qh7# 1-0


[Site "https://www.chess.com"]

[Event "Titled Tuesday Blitz September 27 Early 2022"]
[White "Yurovskykh, Oleksandr"]
[Black "Smietanska, Wiktoria"]
[WhiteFideId "14134020"]
[BlackFideId "21869359"]
[WhiteElo "2303"]
[BlackElo "1847"]
[Result "1-0"]
[Round "01"]
[TimeControl "180+1"]
[Date "2022.09.27"]
[WhiteClock "0:00:16"]
[BlackClock "0:00:06"]

1. d4 Nf6 2. Nf3 g6 3. Bg5 Bg7 4. Nbd2 d5 5. e3 O-O 6. Be2 h6 7. Bh4 c5 8. c3 Nc6 9. O-O b6 10. Qa4 Bb7 11. Rad1 Rc8 12. Ba6 Qd7 13. Bxb7 Qxb7 14. Qa3 e6 15. Nb3 c4 16. Nbd2 Rfd8 17. b3 b5 18. Qb2 g5 19. Bg3 Qd7 20. Ne5 Nxe5 21. Bxe5 Nh5 22. Bxg7 Nxg7 23. e4 dxe4 24. Nxe4 Qe7 25. bxc4 bxc4 26. Rb1 Nf5 27. Rfe1 Nd6 28. Nc5 Rc7 29. g3 Kg7 30. Qe2 Nf5 31. Qe5+ Kg6 32. h4 gxh4 33. g4 Nd6 34. Kg2 Qg5 35. Kh3 Qxe5 36. Rxe5 Ne8 37. Kxh4 Nf6 38. g5 Nd5 39. gxh6 Kxh6 40. Rg1 Nf4 41. Re4 Ng6+ 42. Kh3 Kg7 43. Rxe6 Rh8+ 44. Kg3 Rxc5 45. Rxg6+ fxg6 46. dxc5 Rc8 47. Rd1 Rxc5 48. Rd7+ Kf6 49. Rxa7 Rc6 50. a4 Kg5 51. Ra5+ Kh6 52. Rb5 Rf6 53. a5 Re6 54. Rc5 Rd6 55. Rxc4 Ra6 56. Ra4 Rc6 57. c4 Rc5 58. a6 Rc8 59. a7 Ra8 60. c5 Kg7 61. c6 Kf7 62. c7 Ke7 63. c8=Q 1-0


[Site "https://www.chess.com"]

[Event "Titled Tuesday Blitz September 27 Early 2022"]
[White "Zaksaite, Salomeja"]
[Black "Papp, Levente"]
[WhiteFideId "12801496"]
[BlackFideId "751243"]
[WhiteElo "1953"]
[BlackElo "2341"]
[Result "0-1"]
[Round "01"]
[TimeControl "180+1"]
[Date "2022.09.27"]
[WhiteClock "0:00:01"]
[BlackClock "0:01:28"]

1. e4 e6 2. d4 d5 3. Nc3 Bb4 4. e5 Ne7 5. a3 Bxc3+ 6. bxc3 b6 7. Qg4 Ng6 8. Bb5+ c6 9. Bd3 Ba6 10. Ne2 c5 11. Bxa6 Nxa6 12. h4 h5 13. Qg5 Qxg5 14. hxg5 Rc8 15. Ra2 Nb8 16. Be3 Nc6 17. a4 cxd4 18. cxd4 Nb4 19. Rb2 Nxc2+ 20. Kd2 Na3 21. Kd3 Nc4 22. Rc2 Kd7 23. f4 Ne7 24. Bf2 Nc6 25. Rhc1 Nb4+ 0-1


[Site "https://www.chess.com"]

[Event "Titled Tuesday Blitz September 27 Early 2022"]
[White "Zenin, Dmitry"]
[Black "Zelbel, Patrick"]
[WhiteFideId "4127897"]
[BlackFideId "24624322"]
[WhiteElo "2215"]
[BlackElo "2474"]
[Result "0-1"]
[Round "01"]
[TimeControl "180+1"]
[Date "2022.09.27"]
[WhiteClock "0:00:25"]
[BlackClock "0:01:42"]

1. d4 Nf6 2. c4 c5 3. d5 b5 4. cxb5 a6 5. bxa6 g6 6. Nc3 Bg7 7. Nf3 O-O 8. g3 Nxa6 9. Bg2 d6 10. O-O Bf5 11. Ne1 Qc8 12. Nc2 Bh3 13. Ne3 Bxg2 14. Kxg2 Qb7 15. a3 Rfb8 16. Kg1 Nc7 17. Rb1 h5 18. Qd3 Qb3 19. Rd1 Nd7 20. Bd2 Ne5 21. Qc2 Qxc2 22. Nxc2 Nc4 23. Be1 Nxb2 24. Rdc1 Nc4 25. Rxb8+ Rxb8 26. Rb1 Rxb1 27. Nxb1 Nxd5 28. a4 Nc7 29. Nba3 Nxa3 30. Nxa3 Kf8 31. Ba5 Na6 32. e4 Ke8 33. Nc4 Kd7 34. Kf1 Kc6 35. Ke2 e6 36. Bd2 d5 37. exd5+ exd5 38. Na5+ Kb6 39. Nb3 c4 0-1


[Site "https://www.chess.com"]

[Event "Titled Tuesday Blitz September 27 Early 2022"]
[White "Zhao, Jun"]
[Black "Goncalves, Davi Sulzbacher"]
[WhiteFideId "8602522"]
[BlackFideId "2154510"]
[WhiteElo "2547"]
[BlackElo "2107"]
[Result "1-0"]
[Round "01"]
[TimeControl "180+1"]
[Date "2022.09.27"]
[WhiteClock "0:00:34"]
[BlackClock "0:00:06"]

1. e4 c5 2. Nf3 Nc6 3. Bb5 g6 4. Bxc6 dxc6 5. d3 Bg7 6. h3 Nf6 7. Nc3 e5 8. Be3 Nd7 9. Qd2 h6 10. Nh2 Qe7 11. O-O Nf8 12. f4 exf4 13. Rxf4 Ne6 14. Rf2 Nd4 15. Raf1 Be6 16. b3 O-O-O 17. Ne2 f5 18. Bxd4 cxd4 19. exf5 Bxf5 20. Ng3 Be6 21. Qa5 Kb8 22. Re2 Rd5 23. Qe1 Re8 24. Nf3 Qd6 25. Ne4 Qc7 26. Neg5 hxg5 27. Rxe6 Rxe6 28. Qxe6 Qd6 29. Qxd6+ Rxd6 30. Nxg5 Bh6 31. Ne4 Be3+ 32. Kh2 Rd5 33. Rf7 a5 34. a4 Ka7 35. g4 g5 36. Rf5 Kb6 37. Kg3 Bf4+ 38. Kf3 Kc7 39. h4 Kd7 40. Rxd5+ cxd5 41. Nxg5 1-0


[Site "https://www.chess.com"]

[Event "Titled Tuesday Blitz September 27 Early 2022"]
[White "Zhigalko, Sergei"]
[Black "Ezat, Mohamed"]
[WhiteFideId "13502956"]
[BlackFideId "10600906"]
[WhiteElo "2662"]
[BlackElo "2386"]
[Result "1-0"]
[Round "01"]
[TimeControl "180+1"]
[Date "2022.09.27"]
[WhiteClock "0:00:06"]
[BlackClock "0:00:08"]

1. e4 e5 2. Nf3 Nc6 3. Bc4 Nf6 4. d3 h6 5. O-O Bc5 6. Nbd2 O-O 7. c3 a6 8. Re1 Ba7 9. Nf1 d6 10. Bb3 Ne7 11. Ng3 Ng6 12. h3 Kh8 13. d4 c6 14. Be3 Qc7 15. Qd2 Kh7 16. Rad1 Bd7 17. dxe5 dxe5 18. Bxa7 Rxa7 19. Qd6 Qxd6 20. Rxd6 c5 21. Red1 Bc6 22. Bc2 Raa8 23. a4 Rfe8 24. a5 Nf4 25. Nd2 Rad8 26. Nc4 Rxd6 27. Nxd6 Re7 28. Bb3 Kg8 29. Nxf7 Rxf7 30. Rd8+ Be8 31. Rb8 Kf8 32. Bxf7 Kxf7 33. Rxb7+ Kf8 34. c4 Nd3 35. b3 Bd7 36. Nf5 Bxf5 37. exf5 Ne4 38. Ra7 Nb4 39. Rc7 Nd3 40. Rc6 Nb4 41. Rc8+ Ke7 42. f3 Nd2 43. Rxc5 Nxb3 44. Rxe5+ Kf6 45. Re6+ Kxf5 46. Rb6 Nc5 47. Rxb4 Ke5 48. Rb6 Kd4 49. Rg6 Kxc4 50. Rxg7 Nb3 51. Rg6 Kb5 52. Rb6+ Ka4 53. Rxa6 Nxa5 54. Rxh6 Kb5 55. Rh5+ 1-0


[Site "https://www.chess.com"]

[Event "Titled Tuesday Blitz September 27 Early 2022"]
[White "Zong, Davis"]
[Black "Gareyev, Timur"]
[WhiteFideId "30903955"]
[BlackFideId "14200937"]
[WhiteElo "2496"]
[BlackElo "2852"]
[Result "1/2-1/2"]
[Round "01"]
[TimeControl "180+1"]
[Date "2022.09.27"]
[WhiteClock "0:00:10"]
[BlackClock "0:00:40"]

1. d4 d6 2. e4 g6 3. Nc3 a6 4. Be3 b5 5. a3 Nd7 6. h4 Ngf6 7. Nh3 e5 8. d5 Bb7 9. Be2 c6 10. dxc6 Bxc6 11. f3 Nh5 12. Bf2 Be7 13. g3 O-O 14. Qd2 Rc8 15. O-O-O Ng7 16. g4 Ne6 17. Kb1 Rb8 18. Nd5 Bxd5 19. exd5 Nec5 20. h5 g5 21. Bxc5 Nxc5 22. Nf2 a5 23. Ne4 Qb6 24. Nxc5 Qxc5 25. Qxa5 e4 26. fxe4 Bf6 27. Rhf1 Be5 28. Qb4 Qe3 29. Bd3 h6 30. Rf5 Qg3 31. Rdf1 Qxg4 32. Rxe5 dxe5 33. Qd6 b4 34. axb4 Qxh5 35. Qxe5 Rxb4 36. Qc3 Rfb8 37. b3 Qh3 38. e5 Qg2 39. e6 Rf4 40. exf7+ Kf8 41. Qh8+ Ke7 42. Qxb8 Rxf1+ 43. Bxf1 Qxf1+ 44. Kb2 Qf6+ 45. Ka2 Kxf7 46. Qc7+ Ke8 47. d6 Qe6 48. Kb2 g4 49. Qb8+ Kd7 50. Qc7+ Ke8 51. Qb8+ Kd7 52. Qc7+ Ke8 1/2-1/2


[Site "https://www.chess.com"]

[Event "Titled Tuesday Blitz September 27 Early 2022"]
[White "Abdisalimov, Abdimalik"]
[Black "Sebenik, Matej"]
[WhiteFideId "14206323"]
[BlackFideId "14602296"]
[WhiteElo "2401"]
[BlackElo "2461"]
[Result "1-0"]
[Round "02"]
[TimeControl "180+1"]
[Date "2022.09.27"]
[WhiteClock "0:01:18"]
[BlackClock "0:00:03"]

1. d4 d5 2. c4 c6 3. cxd5 cxd5 4. Bf4 Nf6 5. e3 Nc6 6. Bd3 Bg4 7. Qb3 Na5 8. Qc2 Rc8 9. Nc3 a6 10. Nge2 Bxe2 11. Qxe2 e6 12. O-O Be7 13. Rac1 O-O 14. Na4 Nc4 15. Nc5 Qb6 16. Bxc4 dxc4 17. Rxc4 Bxc5 18. Rfc1 Nd7 19. b4 Qb5 20. bxc5 e5 21. a4 Qa5 22. Bxe5 Nxe5 23. dxe5 Rc6 24. Qb2 Qc7 25. f4 Rd8 26. Rd4 Rc8 27. Qd2 Rxc5 28. Rxc5 Qxc5 29. Rd8+ Rxd8 30. Qxd8+ Qf8 31. Qxf8+ Kxf8 32. Kf2 b6 33. e4 Ke7 34. Ke3 Kd7 35. Kd4 Kc6 36. Kc4 f6 37. e6 Kd6 38. f5 h5 39. g3 Kc6 40. Kd4 Kd6 41. h3 Kc6 42. g4 h4 43. e5 fxe5+ 44. Kxe5 b5 45. axb5+ 1-0


[Site "https://www.chess.com"]

[Event "Titled Tuesday Blitz September 27 Early 2022"]
[White "Agasarov, Benik"]
[Black "Milosevic, Milos"]
[WhiteFideId "13314823"]
[BlackFideId "964875"]
[WhiteElo "2152"]
[BlackElo "2321"]
[Result "1-0"]
[Round "02"]
[TimeControl "180+1"]
[Date "2022.09.27"]
[WhiteClock "0:00:07"]
[BlackClock "0:00:03"]

1. d4 Nf6 2. Nf3 d5 3. c4 c6 4. Nc3 Bf5 5. cxd5 cxd5 6. Qb3 Qb6 7. Nxd5 Nxd5 8. Qxd5 e6 9. Qc4 Nc6 10. e3 Bb4+ 11. Nd2 O-O 12. Bd3 Rac8 13. Bxf5 exf5 14. Qd3 Ne5 15. Qxf5 Qb5 16. dxe5 Rfd8 17. a4 Qa6 18. Qb1 Rxc1+ 19. Qxc1 Bxd2+ 20. Qxd2 Rxd2 21. Kxd2 Qa5+ 22. Ke2 Qxe5 23. Rad1 Qxb2+ 24. Rd2 Qf6 25. Rhd1 Qa6+ 26. Kf3 g6 27. Rd8+ Kg7 28. R1d4 Qc6+ 29. Kg3 a6 30. R8d6 Qc7 31. f4 b5 32. axb5 axb5 33. Rd7 Qc3 34. Re7 b4 35. Rdd7 Qc4 36. Rb7 b3 37. Kf3 Qf1+ 38. Kg3 Qe1+ 39. Kf3 Qd1+ 40. Kg3 Qd3 41. Kf3 h5 42. Rxf7+ Kg8 43. Rg7+ Kf8 44. Rgf7+ Ke8 45. Rg7 Qd5+ 46. Kg3 h4+ 47. Kxh4 Kf8 48. Rgd7 Qh5+ 49. Kg3 Ke8 50. Rh7 Qd5 51. Rh8+ 1-0


[Site "https://www.chess.com"]